 Dungeon Crawl Stone Soup version 0.20-a0-3-g334f831 (webtiles) character file.

11158 esc the Grappler (level 11, 0/90 HPs)
             Began as a Vine Stalker Fighter on Oct 30, 2016.
             Was a Priest of Uskayaw.
             Slain by a blink frog (6 damage)
             ... on level 2 of the Lair of Beasts.
             The game lasted 00:41:57 (7987 turns).

esc the Grappler (Vine Stalker Fighter)             Turns: 7987, Time: 00:41:58

Health: 0/90       AC:  9    Str: 24    XL:     11   Next: 73%
Magic:  0/13       EV: 10    Int:  8    God:    Uskayaw [***...]
Gold:   343        SH: 12    Dex: 17    Spells: 0 memorised, 10 levels left

rFire  . . .     SeeInvis +       - Unarmed
rCold  + . .     Gourm    +     u - +0 ring mail {rPois}
rNeg   . . .     Faith    .     b - +0 shield
rPois  +         Spirit   +     (no helmet)
rElec  .         Reflect  .     f - +0 cloak
rCorr  .         Harm     .     r - +0 pair of gloves
MR     +....                    (no boots)
Stlth  ..........               v - amulet of the gourmand {Gourm, !d}
                                g - ring of see invisible {sInv, !d}
                                k - ring of protection from cold {rC+, !d}

@: berserking (expiring), very quick
A: fangs 3, regeneration 1, magic shield, antimagic bite, no device heal 3, rot
immunity
a: Stomp, Line Pass, Renounce Religion


You were on level 2 of the Lair of Beasts.
You worshipped Uskayaw.
Uskayaw was noncommittal.
You were not hungry.

You visited 3 branches of the dungeon, and saw 11 of its levels.
You also visited: Ossuary.

You collected 343 gold pieces.

Inventory:

Hand Weapons
 s - a +0 blowgun
   (You took it off a kobold on level 3 of the Dungeon)
Missiles
 t - 141 stones (quivered)
 F - 9 poisoned needles
 L - 3 javelins
Armour
 b - a +0 shield (worn)
 f - a +0 cloak (worn)
   (You took it off Maurice on level 7 of the Dungeon)
 r - a +0 pair of gloves (worn)
   (You found it on level 4 of the Dungeon)
 u - a +0 ring mail of poison resistance (worn)
   (You took it off an orc priest on level 4 of the Dungeon)
 M - the +3 hat of Pondering {ponderous, MR+ MP+10 Int+5}
   (You took it off Gastronok on level 8 of the Dungeon)

   It affects your intelligence (+5).
   It affects your resistance to hostile enchantments.
   It affects your magic capacity (+10).
Jewellery
 g - a ring of see invisible (right hand) {sInv, !d}
   (You found it on level 3 of the Dungeon)
 k - a ring of protection from cold (left hand) {rC+, !d}
   (You found it on level 1 of the Dungeon)
 q - an uncursed ring of positive energy {rN+}
   (You found it on level 4 of the Dungeon)
 v - an amulet of the gourmand (around neck) {Gourm, !d}
   (You found it on level 2 of the Lair of Beasts)
 B - a +4 ring of dexterity
   (You found it on level 5 of the Dungeon)
 U - an uncursed ring of wizardry {Wiz+, !d}
   (You found it on level 1 of the Lair of Beasts)
Wands
 y - a wand of teleportation (4/9)
   (You found it on level 4 of the Dungeon)
 A - a wand of flame (14/48)
   (You found it on level 2 of the Lair of Beasts)
Scrolls
 c - 3 scrolls of immolation {unknown}
 e - 2 scrolls of amnesia {unknown}
 h - 3 scrolls of remove curse
 i - 4 scrolls of teleportation {unknown}
 p - 2 scrolls of fear {unknown}
 x - a scroll of recharging
 z - a scroll of blinking {unknown}
 C - 2 scrolls of noise {unknown}
 E - 2 scrolls of enchant armour {unknown}
 H - 2 scrolls of enchant weapon {unknown}
 N - 2 scrolls of magic mapping {unknown}
 R - a scroll of fog {unknown}
Potions
 a - 6 potions of degeneration {unknown}
 j - 3 potions of lignification {unknown}
 l - 8 potions of curing
 m - 7 potions of flight
 o - a potion of invisibility
 D - a potion of berserk rage {!q}
 I - a potion of haste {unknown}
 K - a potion of beneficial mutation {unknown}
 O - a potion of brilliance
 P - a potion of cancellation {unknown}
 Q - 2 potions of mutation {unknown}
 S - a potion of ambrosia
 T - 2 potions of magic {unknown}
Comestibles
 d - 5 bread rations {@e1}
 n - 7 meat rations {@e2}
 w - a beef jerky
 G - 7 chunks of flesh {@w0}
 J - 6 fruits


   Skills:
 + Level 8.9 Fighting
 + Level 8.1 Armour
 - Level 1.2 Dodging
 + Level 8.6 Shields
 + Level 9.3 Unarmed Combat
 + Level 2.1 Invocations


You had 10 spell levels left.
You didn't know any spells.

Dungeon Overview and Level Annotations

Branches:
Dungeon (8/15)             Temple (1/1) D:6            Lair (2/6) D:8
  Swamp: Lair:2-4    Shoals: Lair:2-4     Snake: Lair:2-4    Spider: Lair:2-4

Altars:
Ashenzari
Cheibriados
Dithmenos
Elyvilon
Fedhas
Gozag
Hepliaklqana
Kikubaaqudgha
Makhleb
Nemelex Xobeh
Okawaru
Qazlal
Ru
Sif Muna
Trog
Uskayaw
Vehumet
Xom
Yredelemnul
Zin
The Shining One

Annotations:
D:6 tsouns's ghost, novice DsWr


Innate Abilities, Weirdness & Mutations

You have razor-sharp teeth.
Your natural rate of healing is unusually fast.
When hurt, damage is shared between your health and your magic reserves.
Your bite disrupts and absorbs the magic of your enemies.
Potions and wands cannot restore your health.
You are immune to rotting.


Message History

G - 3 chunks of flesh {@w0} (gained 2)
Things that are here:
a yak corpse; a porcupine skeleton You butcher the yak corpse.
G - 7 chunks of flesh {@w0} (gained 4)
You see here a porcupine skeleton.
There isn't anything to butcher here.
You can no longer merge with and destroy a victim.
Uskayaw will no longer force your foes to share their pain.
Uskayaw will no longer force your foes to helplessly watch your dance.
N - 2 scrolls labeled GONENT DEIKK (gained 1)
You can no longer pass through a line of other dancers.
Health restored: 60
v - a tiny cameo amulet Put on which piece of jewellery? (? for menu, Esc to quit)
You feel a craving for the dungeon's cuisine.
v - an amulet of the gourmand (around neck)
w - a beef jerky
A - a wand of flame A blink frog comes into view.
The blink frog croaks.
A blink frog comes into view.
Unknown command.
The blink frog gives a loud, deep croak!
You hit the plant but do no damage. You bite the plant. You drain its power.
The blink frog blinks!
A blink frog comes into view.
The blink frog croaks.
You block the blink frog's attack.
The blink frog blinks!
The blink frog blinks!
The blink frog blinks! x2
The spiny frog croaks.
You see here a porcupine skeleton.
You swing at nothing.
The blink frog blinks!
You swing at nothing.
You pummel the blink frog!! You bite the blink frog.
The blink frog's magic leaks into the air.
You drain its magic.
The blink frog blinks!
You barely miss the blink frog. Your bite misses the blink frog.
The blink frog blinks!
A blink frog comes into view.
You closely miss the spiny frog.
The blink frog croaks.
You block the spiny frog's attack.
You closely miss the spiny frog. Your bite misses the spiny frog.
The blink frog falters for a moment.
The spiny frog stings you!
You are poisoned.
The spiny frog poisons you!
You take 8 damage, and have 52/60 hp.
You now have 11/13 mp.
You barely miss the spiny frog. You bite the spiny frog. You drain its power.
You feel invigorated.
You feel sick. The spiny frog stings you!
You can now pass through a line of other dancers.
You take 15 damage, and have 37/60 hp.
MASSIVE DAMAGE!!
You now have 8/13 mp.
You closely miss the spiny frog. Your bite misses the spiny frog.
You feel sick. The spiny frog stings you!
You take 13 damage, and have 24/60 hp.
MASSIVE DAMAGE!!
You now have 6/13 mp.
You closely miss the spiny frog. You bite the spiny frog. You drain its power.
You feel invigorated.
You feel sick. You block the spiny frog's attack.
You take 1 damage, and have 23/60 hp.
You hit the spiny frog. You bite the spiny frog. You drain its power.
You feel invigorated.
You feel sick.
The blink frog blinks!
The spiny frog stings you!!
* * * LOW HITPOINT WARNING * * *
You take 13 damage, and have 10/60 hp.
MASSIVE DAMAGE!!
You now have 6/13 mp.
Your system rejects the healing.
You feel better.
The spiny frog stings you but does no damage.
Okay, then.
Really quaff
D - 2 potions of berserk rage {!q}?
A red film seems to cover your vision as you go berserk!
You feel yourself moving faster!
You feel mighty! You block the spiny frog's attack.
The blink frog blinks!
You now have 16/90 hp.
Your shield and ring mail prevent you from hitting the spiny frog.
Your bite misses the spiny frog. The spiny frog stings you!!
* * * LOW HITPOINT WARNING * * *
You take 13 damage, and have 3/90 hp.
You now have 2/13 mp.
You punch the spiny frog!
You bite the spiny frog, but do no damage.
You barely miss the spiny frog. You bite the spiny frog! You drain its power.
You feel invigorated. The spiny frog barely misses you.
Uskayaw will force your foes to helplessly watch your dance.
Uskayaw prepares the audience for your solo!
You regained 3 mp, and now have 5/13 mp.
The helpless spiny frog fails to defend itself.
You punch the spiny frog!
You kill the spiny frog!
You completely miss the blink frog.
The blink frog blinks!
The blink frog falters for a moment.
You see here a porcupine skeleton.
You feel a strong urge to attack something.
The blink frog is no longer paralysed. x2
You punch the blink frog! The blink frog hits you!
You die...

#...#..>.....#
##..........##
#........#.#
#..#.....#.#
#...##.F#..#
#...........#
##......F.###
#)....FF##
#......#@#
#......####
.......
#..#... ...#.#
..... . ##.. .
... .## ....


You could see 4 blink frogs.

Vanquished Creatures
  Gastronok (D:8)
  Pikel (D:8)
  An elephant (Lair:1)
  2 black mambas (Lair:1)
  Maurice (D:7)
  2 spiny frogs
  A two-headed ogre (D:7)
  Grinder (D:3)
  9 yaks (Lair:2)
  A hippogriff (D:7)
  Grum (D:8)
  2 hungry ghosts
  3 water moccasins
  3 orc warriors
  4 porcupines
  A sky beast (D:6)
  A phantom (D:4)
  4 ogres
  8 wolves
  2 centaurs (D:6)
  3 crocodiles (Lair:1)
  A wyvern zombie (D:7)
  6 bullfrogs
  A scorpion (D:8)
  4 howler monkeys (D:7)
  5 wights
  6 crimson imps
  A bullfrog zombie (D:7)
  2 centaur zombies
  2 jellies
  6 orc priests
  2 hounds
  7 orc wizards
  A gnoll shaman (D:5)
  A human zombie (Ossuary)
  4 iguanas
  5 worker ants
  A killer bee zombie (D:5)
  2 big kobold zombies (Ossuary)
  A hound skeleton (D:7)
  5 mummies (Ossuary)
  A worker ant zombie (D:8)
  A howler monkey skeleton (D:6)
  9 adders
  4 gnolls (D:5)
  2 shadow imps (D:5)
  An adder zombie (D:6)
  2 adder skeletons
  5 worms
  3 dart slugs
  6 leopard geckos
  30 orcs
  2 ball pythons (D:1)
  5 giant cockroaches
  2 gnoll zombies (Ossuary)
  12 goblins
  7 hobgoblins
  6 jackals
  3 quokkas
  5 bats
  6 frilled lizards
  A giant cockroach zombie (D:5)
  A goblin zombie (Ossuary)
  A hobgoblin zombie (Ossuary)
  A jackal zombie (D:4)
  10 kobolds
  A leopard gecko zombie (D:7)
  A quokka skeleton (D:4)
  A quokka zombie (D:5)
  3 rats
247 creatures vanquished.

Vanquished Creatures (others)
  2 slaves (D:8)
  2 gnolls (D:8)
4 creatures vanquished.

Grand Total: 251 creatures vanquished

Notes
Turn   | Place    | Note
-------+----------+-------------------------------------------
     0 | D:1      | esc the Vine Stalker Fighter began the quest for the Orb.
     0 | D:1      | Reached XP level 1. HP: 11/11 MP: 2/2
    58 | D:1      | Reached XP level 2. HP: 16/16 MP: 3/3
    95 | D:1      | Reached skill level 3 in Fighting
   157 | D:1      | Reached XP level 3. HP: 17/20 MP: 4/4
   723 | D:2      | Reached skill level 3 in Shields
   847 | D:2      | Gained mutation: Your natural rate of healing is unusually fast. [Vine Stalker growth]
   847 | D:2      | Reached XP level 4. HP: 24/24 MP: 5/5
   992 | D:2      | Reached skill level 3 in Unarmed Combat
  1442 | D:3      | Noticed Grinder
  1452 | D:3      | HP: 5/24 [Grinder (3)]
  1453 | D:3      | HP: 2/24 [Grinder (1)]
  1459 | D:3      | Killed Grinder
  1459 | D:3      | Reached skill level 4 in Fighting
  1459 | D:3      | Reached skill level 3 in Armour
  1459 | D:3      | Reached XP level 5. HP: 3/29 MP: 1/6
  1459 | D:3      | Reached XP level 6. HP: 4/33 MP: 1/7
  1861 | D:3      | Reached skill level 4 in Unarmed Combat
  2420 | D:4      | Reached skill level 4 in Shields
  2420 | D:4      | Reached XP level 7. HP: 32/38 MP: 8/8
  2768 | D:4      | Reached skill level 4 in Armour
  2965 | D:5      | Entered Level 5 of the Dungeon
  3120 | D:5      | Found a large runed door.
  3121 | D:5      | Found a large runed door.
  3416 | D:3      | Reached skill level 5 in Fighting
  3416 | D:3      | Gained mutation: You have razor-sharp teeth. [Vine Stalker growth]
  3416 | D:3      | Reached XP level 8. HP: 30/43 MP: 9/9
  3595 | D:6      | Reached skill level 5 in Unarmed Combat
  3672 | D:6      | Reached skill level 5 in Shields
  3796 | D:7      | Noticed a two-headed ogre
  3816 | D:7      | Killed a two-headed ogre
  3816 | D:7      | Reached skill level 5 in Armour
  3866 | D:7      | Reached skill level 6 in Unarmed Combat
  3881 | D:6      | Noticed tsouns's ghost (novice DsWr)
  3931 | D:5      | HP: 9/44 [ogre/giant spiked club (8)]
  3932 | D:5      | Reached XP level 9. HP: 10/48 MP: 7/10
  3951 | D:5      | HP: 12/48 [orc warrior/battleaxe (9)]
  4154 | D:5      | Found a large runed door.
  4154 | D:5      | Found a large runed door.
  4241 | D:5      | Reached skill level 6 in Fighting
  4472 | D:5      | Reached skill level 6 in Shields
  5086 | D:6      | Found a staircase to the Ecumenical Temple.
  5090 | Temple   | Entered the Ecumenical Temple
  5219 | Temple   | Became a worshipper of Uskayaw the Reveler
  5378 | D:7      | Reached * piety under Uskayaw
  5401 | D:7      | Reached ** piety under Uskayaw
  5415 | D:7      | Reached *** piety under Uskayaw
  5420 | D:7      | Reached **** piety under Uskayaw
  5421 | D:7      | Reached skill level 6 in Armour
  5427 | D:7      | Reached ***** piety under Uskayaw
  5439 | D:7      | Reached skill level 7 in Unarmed Combat
  5627 | D:7      | Reached skill level 7 in Fighting
  5630 | D:7      | Reached XP level 10. HP: 45/55 MP: 11/11
  5842 | D:8      | Noticed Gastronok
  5910 | D:8      | Noticed Grum
  5959 | D:8      | Noticed a hill giant
  6006 | D:8      | Noticed Maurice
  6019 | D:7      | Reached skill level 7 in Shields
  6025 | D:7      | Killed Maurice
  6065 | D:8      | Killed Grum
  6076 | D:8      | Found a sand-covered staircase.
  6101 | Ossuary  | Entered an ossuary
  6394 | D:8      | Found a staircase to the Lair.
  6538 | D:8      | Noticed Pikel
  6564 | D:8      | Killed Pikel
  6564 | D:8      | Reached skill level 7 in Armour
  6564 | D:8      | Reached skill level 8 in Unarmed Combat
  6666 | D:8      | HP: 12/56 [Gastronok (10)]
  6678 | D:8      | HP: 14/56 [Gastronok (7)]
  6683 | D:8      | Killed Gastronok
  6683 | D:8      | Reached skill level 8 in Fighting
  6683 | D:8      | Reached skill level 8 in Shields
  6683 | D:8      | Reached XP level 11. HP: 18/60 MP: 12/12
  6832 | Lair:1   | Entered Level 1 of the Lair of Beasts
  7216 | Lair:1   | Reached skill level 9 in Unarmed Combat
  7563 | Lair:1   | Reached skill level 1 in Dodging
  7571 | Lair:1   | HP: 14/60 [elephant (2)]
  7741 | Lair:2   | Reached skill level 1 in Invocations
  7748 | Lair:2   | Reached ****** piety under Uskayaw
  7757 | Lair:2   | Reached skill level 8 in Armour
  7759 | Lair:2   | HP: 12/60 [spiny frog (14)]
  7767 | Lair:2   | HP: 5/60 [spiny frog (11)]
  7776 | Lair:2   | HP: 6/60 [porcupine's spines (4)]
  7908 | Lair:2   | Reached skill level 2 in Invocations
  7977 | Lair:2   | HP: 10/60 [spiny frog (13)]
  7980 | Lair:2   | HP: 3/90 [spiny frog (13)]
  7987 | Lair:2   | Slain by a blink frog

Vault maps used:
D:1:      tarquinn_simple_flora_water_c, minmay_statues_item,
          minmay_tromino_mix6
D:3:      uniq_grinder
D:4:      first_bread
D:5:      minmay_hollow_rounded_squares
D:8:      dpeg_lair_monsters, nicolae_ossuary_entry_plus, hangedman_ranch,
          grunt_decor_fettered, uniq_pikel, uniq_erica, uniq_gastronok,
          uniq_maurice, uniq_grum
Temple:   minmay_crystal_snake_temple
Lair:1:   mumra_transporter_accident
Lair:2:   swamp_mist_pool, st_stairs_3, grunt_megastairs_3
Ossuary:  ossuary_crypta

Skill      XL: |  1  2  3  4  5  6  7  8  9 10 11 |
---------------+----------------------------------+-----
Fighting       | 3 4 5 7 8 |  8.9
Shields        | 3 4 5 6 8 |  8.6
Unarmed Combat | 3 4 6 7 8 9 |  9.3
Armour         | 3 4 5 6 7 8 |  8.1
Dodging        | 1 |  1.2
Invocations    | 2 |  2.1

Action                   |  1- 3 |  4- 6 |  7- 9 | 10-12 || total
-------------------------+-------+-------+-------+-------++-------
Melee: Unarmed           |   113 |   221 |   406 |   368 ||  1108
       Bite              |    35 |    76 |   170 |   189 ||   470
 Fire: Blowgun           |       |       |    37 |     4 ||    41
Throw: Stone             |       |       |    25 |       ||    25
Invok: Stomp             |       |       |       |     3 ||     3
       Line Pass         |       |       |       |     1 ||     1
Evoke: Phantom mirror    |       |       |       |     1 ||     1
       Wand              |       |       |       |     1 ||     1
  Use: Potion            |       |     1 |       |     3 ||     4
       Scroll            |       |       |       |    10 ||    10
 Stab: Paralysed         |       |       |     4 |    21 ||    25
       Sleeping          |       |       |     2 |       ||     2
  Eat: Chunk             |       |     5 |    12 |     6 ||    23
       Fruit             |       |       |     1 |     1 ||     2
       Beef jerky        |       |       |     1 |       ||     1
       Pizza             |       |       |       |     1 ||     1
Armor: Scale mail        |    32 |    59 |    33 |       ||   124
       Ring mail         |       |       |    54 |    67 ||   121
Dodge: Dodged            |    32 |    50 |    92 |    78 ||   252
Block: Shield            |    37 |    77 |   160 |   158 ||   432

Vault maps used:
D:1:      tarquinn_simple_flora_water_c, minmay_statues_item,
          minmay_tromino_mix6
D:3:      uniq_grinder
D:4:      first_bread
D:5:      minmay_hollow_rounded_squares
D:8:      dpeg_lair_monsters, nicolae_ossuary_entry_plus, hangedman_ranch,
          grunt_decor_fettered, uniq_pikel, uniq_erica, uniq_gastronok,
          uniq_maurice, uniq_grum
Temple:   minmay_crystal_snake_temple
Lair:1:   mumra_transporter_accident
Lair:2:   swamp_mist_pool, st_stairs_3, grunt_megastairs_3
Ossuary:  ossuary_crypta

Table legend:
 A = Turns spent in this place as a percentage of turns spent in the entire game.
 B = Non-inter-level travel turns spent in this place as a percentage of non-inter-level travel turns spent in the entire game.
 C = Inter-level travel turns spent in this place as a percentage of turns spent in this place.
 D = Turns resting spent in this place as a percentage of non-inter-level travel turns spent in this place.
 E = Turns spent auto-exploring this place as a percentage of non-inter-level travel turns spent in this place.
 F = Non-inter-level travel turns spent in this place divided by the number of levels of this place that you've seen.
                   A       B       C       D       E      F
               +-------+-------+-------+-------+-------+----------------------
         Total | 100.0 | 100.0 |   0.8 |   0.9 |   7.4 | 263.8
       Dungeon |  82.0 |  82.0 |   0.9 |   0.8 |   6.9 | 324.2
        Temple |   0.7 |   0.7 |   4.3 |   0.0 |  86.4 |  22.0
          Lair |  13.9 |  14.0 |   0.5 |   0.7 |   5.0 | 221.0
       Ossuary |   3.4 |   3.4 |   0.0 |   3.7 |  14.0 | 107.0
               +-------+-------+-------+-------+-------+----------------------

Table legend:
 A = Kills in this place as a percentage of kills in entire the game.
 B = Kills by you in this place as a percentage of kills by you in the entire game.
 C = Kills by friends in this place as a percentage of kills by friends in the entire game.
 D = Other kills in this place as a percentage of other kills in the entire game.
 E = Experience gained in this place as a percentage of experience gained in the entire game.
 F = Experience gained in this place divided by the number of levels of this place that you have seen.
                   A       B       C       D       E      F
               +-------+-------+-------+-------+-------+----------------------
         Total | 100.0 | 100.0 |  -nan |  -nan | 100.0 | 1328.3
       Dungeon |  83.0 |  83.0 |  -nan |  -nan |  62.1 | 1236.9
          Lair |  11.7 |  11.7 |  -nan |  -nan |  36.5 | 2907.0
       Ossuary |   5.3 |   5.3 |  -nan |  -nan |   1.4 | 231.0
               +-------+-------+-------+-------+-------+----------------------
